 Dungeon Crawl Stone Soup version 0.29-a0-25-g7f48f510a0 (webtiles) character file.

Game seed: 10520181705902071531

147 Nattfarinn the Shooter (level 5, -5/26 HPs)
             Began as a Spriggan Arcane Marksman on Jan 31, 2022.
             Slain by Grinder (8 damage)
             ... on level 3 of the Dungeon.
             The game lasted 00:05:24 (2837 turns).

Nattfarinn the Shooter (Spriggan Arcane Marksman)   Turns: 2837, Time: 00:05:25

Health: -5/26      AC:  2    Str: 12    XL:     5   Next: 7%
Magic:  8/8        EV: 18    Int: 16    God:
Gold:   129        SH:  0    Dex: 16    Spells: 5/6 levels left

rFire   . . .      SeeInvis +   a - +2 hand axe (freeze)
rCold   . . .      Faith    .   (no shield)
rNeg    . . .      Spirit   .   d - +0 robe
rPois   .          Reflect  .   (helmet restricted)
rElec   .          Harm     .   (no cloak)
rCorr   .          Rampage  .   (gloves unavailable)
Will    .....                   (boots unavailable)
Stlth   +.........              g - amulet of the acrobat
HPRegen 0.08/turn               o - +6 ring of strength
MPRegen 0.11/turn               (no ring)

@: very quick
A: very small, no large weapons, unfitting armour, see invisible, speed 3
a: no special abilities


You were on level 3 of the Dungeon.
You visited 1 branch of the dungeon, and saw 3 of its levels.

You collected 129 gold pieces.

Inventory:

Hand Weapons
 a - a +2 hand axe of freezing (weapon)
 b - a +0 shortbow
Missiles
 c - 14 arrows
Armour
 d - a +0 robe (worn)
Jewellery
 g - an amulet of the acrobat (around neck)
 h - a ring of fire
 o - a +6 ring of strength (left hand)
Wands
 p - a wand of polymorph (10)
Scrolls
 e - 4 scrolls of identify {unknown}
 f - a scroll of enchant armour {unknown}
 j - a scroll of noise {unknown}
 l - a scroll of fear {unknown}
 m - 4 scrolls of teleportation {unknown}
 n - a scroll of blinking {unknown}
Potions
 i - 2 potions of magic {unknown}
 k - a potion of flight {unknown}


   Skills:
 + Level 2.0 Fighting
 * Level 4.8 Bows
 + Level 4.1 Dodging
 - Level 1.3 Spellcasting
 - Level 3.6 Hexes


You had 5 spell levels left.
You knew the following spells:

 Your Spells              Type           Power      Damage    Failure   Level
a - Slow                  Hex            48%        N/A       4%          1

Your spell library contained the following spells:

 Spells                   Type           Power      Damage    Failure   Level
 Static Discharge         Conj/Air       1%         N/A       32%         2
 Inner Flame              Hex/Fire       6%         N/A       32%         3
 Portal Projectile        Hex/Tloc       12%        N/A       32%         3
 Cause Fear               Hex            6%         N/A       45%         4
 Lightning Bolt           Conj/Air       0%         1d11      99%         5
 Maxwell's Capacitive Co  Air            0%         ∞         100%        8


Dungeon Overview and Level Annotations

Branches:
Dungeon (3/15)

Altars:

Shops:
D:1 ((=

Annotations:
D:3 Grinder


Innate Abilities, Weirdness & Mutations

You are very small and have problems with some larger weapons.
You are too small for most types of armour.
You have supernaturally acute eyesight. (SInv)
You cover ground extremely quickly. (Speed+++)


Message History

The adder bites you.
You hit the adder.
The adder seems to slow down.
You freeze the adder.
The adder is severely wounded.
The adder bites you.
You hit the adder but do no damage.
The adder is severely wounded.
The adder completely misses you.
You miss the adder.
The adder is severely wounded.
The adder bites you but does no damage.
You barely miss the adder.
The adder is severely wounded.
The adder is no longer moving slowly.
The adder completely misses you.
You hit the adder.
The adder seems to slow down.
You freeze the adder.
You kill the adder!
HP restored.
e - 4 scrolls labelled FILUVI SUAPO (gained 1) Grinder comes into view.
Grinder is nearby!
Grinder is nearby!
Grinder shouts!
Grinder gestures at you. You resist with significant effort.
Aiming: Polymorph
Press: ? - help, Shift-Dir - straight line, f - Grinder
Aim: Grinder (will become an iron imp, a neqoxec, or a lemure, chance to affect: 49%)
Okay, then.
You closely miss Grinder. Grinder misses you.
You closely miss Grinder.
Grinder grins, showing sharp teeth.
Grinder gestures at you. Pain shoots through your body! Grinder misses you.
Okay, then.
You barely miss Grinder. Grinder closely misses you.
You closely miss Grinder. Grinder misses you.
You barely miss Grinder. Grinder hits you!
You writhe in agony.
You closely miss Grinder. Grinder hits you.
You writhe in agony.
* * * LOW HITPOINT WARNING * * *
Grinder hits you!
You die...

...# ##..## ....
#..# #..# #..#######
#####.####.........
#.@5..#...†........
##.######.##........
#.........#...######
#..########...#
#####..# #...######
####......#
#...#.....
#........#######
#...#.....
#.##.##........#
#..†#.....
#.##.##........#
##..'.....


You could see Grinder.

Vanquished Creatures
  A hound (D:2)
  4 adders
  3 gnolls (D:2)
  A dart slug (D:1)
  3 endoplasms
  A giant cockroach (D:1)
  4 hobgoblins
  3 jackals (D:2)
  4 kobolds
  3 quokkas (D:2)
  A ball python (D:3)
  5 bats
  4 frilled lizards
  7 goblins
  8 rats
52 creatures vanquished.

Notes
Turn   | Place    | Note
-------+----------+-------------------------------------------
     0 | D:1      | Nattfarinn the Spriggan Arcane Marksman began the quest for
                  | the Orb.
     0 | D:1      | Reached XP level 1. HP: 9/9 MP: 3/3
    85 | D:1      | Found Gegaoxess's Antique Weapon Boutique.
    95 | D:1      | Reached skill level 1 in Fighting
   139 | D:1      | Reached XP level 2. HP: 14/14 MP: 5/5
   381 | D:1      | Found Ciceu's Jewellery Emporium.
   389 | D:1      | Found Qaicufeh's Weapon Shop.
  1457 | D:2      | Reached XP level 3. HP: 13/18 MP: 6/6
  1935 | D:2      | Reached XP level 4. HP: 22/22 MP: 7/7
  2117 | D:2      | Found a faded altar of an unknown god.
  2697 | D:3      | Reached XP level 5. HP: 26/26 MP: 8/8
  2830 | D:3      | Noticed Grinder
  2837 | D:3      | Slain by Grinder

Illustrated notes

Levels and vault maps discovered:
D:1:      saegor_arrival_under_anarchy, layout_rooms, serial_shops, shop, shop,
          nicolae_shop_temple_entry_statues_fountains, minmay_misc_feat_encased
D:2:      layout_rooms, ebering_ecumenical_altar_abandoned, minmay_distorted
D:3:      layout_basic, kennysheep_cross_bottleneck, st_stairs_2, uniq_grinder

Skill      XL: |  1  2  3  4 |
---------------+-------------+-----
Fighting       | 1 2 |  2.0
Dodging        | 3 4 |  4.1
Bows           | 3 4 |  4.8
Spellcasting   | |  1.3
Hexes          | |  3.6

Action                   |  1- 3 |  4- 6 || total
-------------------------+-------+-------++-------
Melee: Hand axe          |    65 |    52 ||   117
 Fire: Shortbow          |    27 |     3 ||    30
 Stab: Sleeping          |     1 |     1 ||     2
Armor: Robe              |     7 |     3 ||    10
Dodge: Dodged            |    72 |    54 ||   126

Table legend: (Time is in decaauts)
 A = Elapsed time spent in this place.
 B = Non-inter-level travel time spent in this place.
 C = Inter-level travel time spent in this place.
 D = Time resting spent in this place.
 E = Time spent auto-exploring this place.
 F = Levels seen in this place.
 G = Mean time per level.
                   A        B        C        D        E       F      G
               +--------+--------+--------+--------+--------+-----+--------+
         Total |   2300 |   2124 |    176 |    566 |   1209 |   3 |  766.7 |
       Dungeon |   2300 |   2124 |    176 |    566 |   1209 |   3 |  766.7 |
               +--------+--------+--------+--------+--------+-----+--------+

Top non-repeatable levels by time:
     D:1: 1028 daAuts
     D:2: 975 daAuts
     D:3: 295 daAuts
